 Dungeon Crawl Stone Soup version 0.30-a0-691-g754fce4c43 (webtiles) character file.

Game seed: 18241293464949019489

111 bmack86 the Covered (level 4, 0/40 HPs)
             Began as a Minotaur Fighter on Jan 20, 2023.
             Slain by a hobgoblin (3 damage)
             ... led by Robin
             ... on level 3 of the Dungeon.
             The game lasted 00:04:22 (1675 turns).

bmack86 the Covered (Minotaur Fighter)              Turns: 1675, Time: 00:04:23

Health: 0/40       AC:  9    Str: 22    XL:     4   Next: 62%
Magic:  3/3        EV:  9    Int:  5    God:
Gold:   107        SH:  4    Dex: 10    Spells: 3/3 levels left

rFire   + . .      SeeInvis .    a - +0 war axe
rCold   . . .      Faith    .    c - +0 buckler
rNeg    . . .      Spirit   .    b - +0 scale mail
rPois   .          Reflect  .    (helmet restricted)
rElec   .          Harm     .    f - +0 cloak
rCorr   .          Rampage  .    r - +0 pair of gloves
Will    .....                    (no boots) Stlth
                                 (no amulet)
HPRegen 0.26/turn                v - ring of protection from fire
MPRegen 0.08/turn                (no ring)

@: no status effects
A: horns 2, retaliatory headbutt
a: no special abilities


You were on level 3 of the Dungeon.
You visited 1 branch of the dungeon, and saw 3 of its levels.

You collected 107 gold pieces.

Inventory:

Hand Weapons
 a - a +0 war axe (weapon)
 g - a +0 war axe
Missiles
 e - 9 poisoned darts (quivered)
Armour
 b - a +0 scale mail (worn)
 c - a +0 buckler (worn)
 f - a +0 cloak (worn)
 r - a +0 pair of gloves (worn)
Jewellery
 v - a ring of protection from fire (left hand)
Scrolls
 h - a scroll of identify {unknown}
 j - a scroll of vulnerability
 l - 2 scrolls of magic mapping
 n - a scroll of fog {unknown}
 o - a scroll of noise {unknown}
 s - 2 scrolls of amnesia {unknown}
 u - a scroll of fear {unknown}
Potions
 d - a potion of might
 i - 3 potions of magic {unknown}
 k - 2 potions of curing {unknown}
 m - a potion of lignification {unknown}
 p - a potion of haste {unknown}
 q - 2 potions of flight {unknown}
 t - a potion of attraction {unknown}


   Skills:
 + Level 4.2 Fighting
 * Level 3.9 Axes
 + Level 1.5 Throwing
 + Level 4.3 Armour
 + Level 4.1 Shields


You had 3 spell levels left.
You didn't know any spells.
Your spell library contained the following spells:

 Spells                   Type           Power      Damage    Failure   Level
 Apportation              Tloc           0%         N/A       87%         1
 Necrotise                Necr           0%         1d4       87%         1
 Summon Small Mammal      Summ           0%         N/A       87%         1
 Cigotuvi's Dreadful Rot  Necr/Pois/Air  0%         N/A       95%         2
 Ensorcelled Hibernation  Hex/Ice        0%         N/A       95%         2
 Ozocubu's Armour         Ice            0%         N/A       99%         3
 Spider Form              Tmut/Pois      0%         N/A       99%         3
 Anguish                  Hex/Necr       0%         N/A       100%        4
 Dispel Undead            Necr           0%         3d6       100%        4
 Metabolic Englaciation   Hex/Ice        0%         N/A       100%        5
 Death Channel            Necr           0%         N/A       100%        6
 Simulacrum               Ice/Necr       0%         N/A       100%        6


Dungeon Overview and Level Annotations

Branches:
Dungeon (3/15)

Altars:

Annotations:
D:3 Robin


Innate Abilities, Weirdness & Mutations

You have a pair of horns on your head.
You reflexively headbutt those who attack you in melee.


Message History

You hit the goblin.
The goblin is heavily wounded.
You slash the hobgoblin!
You kill the hobgoblin!
You closely miss the goblin. You block the goblin's attack.
The goblin closely misses you. The goblin hits you but does no damage.
You are electrocuted!!
Ouch! That really hurt!
* * * LOW HITPOINT WARNING * * *
The goblin barely misses you. You furiously retaliate!
You headbutt the goblin!
You kill the goblin!
You hit the goblin.
You kill the goblin!
You hit Robin.
Robin roars a battlecry!
The goblins go into a battle-frenzy!
A goblin comes into view. It is wielding a +0 dagger.
The goblin shouts!
You hit the hobgoblin but do no damage. You hit Robin.
You block the hobgoblin's attack. Robin hits you with a +0 club.
* * * LOW HITPOINT WARNING * * *
Robin throws the goblin at you! The goblin hits you but does no damage.
The hobgoblin misses you. You furiously retaliate!
You headbutt the hobgoblin.
Okay, then.
You closely miss the hobgoblin.
The hobgoblin is heavily wounded.
You barely miss the goblin. You hit Robin.
Robin roars a battlecry!
The goblins go into a battle-frenzy!
The hobgoblin barely misses you. The goblin completely misses you.
You hit the hobgoblin.
You kill the hobgoblin!
You closely miss Robin. You hit the goblin.
You kill the goblin!
Robin throws the goblin at you! The goblin closely misses you.
You closely miss the hobgoblin. You headbutt the hobgoblin.
You kill the hobgoblin!
You barely miss Robin. You completely miss the goblin. Robin barely misses you.
The goblin hits you but does no damage. The hobgoblin hits you.
You die...

####...#####
###.....# #####....#
## #........# .###
### #..####...# ...
#.. .. #.[.######..
#.. ##.......g. #..
#..#..#.gg# #####.
#####....## #@#
#..... #......###
#g# ###.##).
#.###.## #.####
##...#..# #.#
#....#####..##..##
##.#
####..##...###.##
#..# ##....### #.#
#.## ###...####.###
#.# ###...........
#.#
#######.............


You could see Robin, a hobgoblin (strong) and 2 goblins.

Vanquished Creatures
  5 adders
  A dart slug (D:1)
  3 orcs (D:2)
  4 endoplasms
  5 giant cockroaches
  11 goblins
  9 hobgoblins
  2 quokkas (D:3)
  3 ball pythons
  7 bats
  2 frilled lizards
  4 kobolds
  2 rats
58 creatures vanquished.

Notes
Turn   | Place    | Note
-------+----------+-------------------------------------------
     0 | D:1      | bmack86 the Minotaur Fighter began the quest for the Orb.
     0 | D:1      | Reached XP level 1. HP: 19/19 MP: 0/0
   246 | D:1      | Reached XP level 2. HP: 27/27 MP: 1/1
   758 | D:2      | Reached skill level 1 in Throwing
   762 | D:2      | Reached XP level 3. HP: 18/33 MP: 2/2
  1171 | D:2      | Reached XP level 4. HP: 40/40 MP: 3/3
  1666 | D:3      | Noticed Robin
  1672 | D:3      | HP: 2/40 [Robin/+0 club (4)]
  1675 | D:3      | Slain by a hobgoblin

Illustrated notes

Levels and vault maps discovered:
D:1:      lemuel_arrival_funnel, layout_loops_ring
D:2:      layout_loops_ring, guppyfry_early_orc_mine
D:3:      layout_rooms, uniq_robin

Skill      XL: |  1  2  3 |
---------------+----------+-----
Axes           | 3 |  3.9
Throwing       | 1 |  1.5
Fighting       | 4 |  4.2
Armour         | 4 |  4.3
Shields        | 4 |  4.1

Action                   |  1- 3 |  4- 6 || total
-------------------------+-------+-------++-------
Melee: War axe           |    81 |    37 ||   118
       Headbutt          |     6 |     8 ||    14
  Use: Scroll            |     1 |     1 ||     2
Armor: Scale mail        |    49 |    30 ||    79
Dodge: Dodged            |    45 |    18 ||    63
Block: Buckler           |    26 |    10 ||    36

Table legend: (Time is in decaauts)
 A = Elapsed time spent in this place.
 B = Non-inter-level travel time spent in this place.
 C = Inter-level travel time spent in this place.
 D = Time resting spent in this place.
 E = Time spent auto-exploring this place.
 F = Levels seen in this place.
 G = Mean time per level.
                   A        B        C        D        E       F      G
               +--------+--------+--------+--------+--------+-----+--------+
         Total |   1718 |   1671 |     47 |      0 |   1128 |   3 |  572.7 |
       Dungeon |   1718 |   1671 |     47 |      0 |   1128 |   3 |  572.7 |
               +--------+--------+--------+--------+--------+-----+--------+

Top non-repeatable levels by time:
     D:2: 792 daAuts
     D:1: 720 daAuts
     D:3: 204 daAuts
